 Dungeon Crawl Stone Soup version 0.30-b1-2-g02819fbbbe (webtiles) character file.

Game seed: 8717186816312403510

1821 LLlMATKO the Trooper (level 8, -9/111 HPs)
             Began as a Minotaur Berserker on Nov 11, 2023.
             Was a Priest of Trog.
             Mangled by Joseph
             ... wielding a +0 quarterstaff
              (14 damage)
             ... on level 7 of the Dungeon.
             The game lasted 00:05:16 (5617 turns).

LLlMATKO the Trooper (Minotaur Berserker)           Turns: 5617, Time: 00:05:17

Health: -9/111     AC: 14    Str: 23    XL:     8   Next: 85%
Magic:  7/7        EV:  6    Int:  4    God:    Trog [***...]
Gold:   318        SH:  0    Dex: 11    Spells: 7/7 levels left

rFire   . . .        y - +0 war axe
rCold   + . .        (no shield)
rNeg    . . .        j - +0 plate armour
rPois   .            (helmet restricted)
rElec   .            (no cloak)
rCorr   .            (no gloves)
SInv    .            z - +0 pair of boots
Will    .....        f - amulet of the acrobat
Stlth   x              - ring of protection from cold
HPRegen 0.38/turn    (no ring)
MPRegen 0.10/turn

%: acrobat
@: berserking, grasped by roots, constricted, very quick
A: horns 2, retaliatory headbutt
a: Renounce Religion, Berserk, Trog's Hand


You were on level 7 of the Dungeon.
You worshipped Trog.
Trog was most pleased with you.
You visited 1 branch of the dungeon, and saw 8 of its levels.

You collected 318 gold pieces.

Inventory:

Hand Weapons
 a - a +0 hand axe
 y - a +0 war axe (weapon)
Missiles
 l - 19 poisoned darts (quivered)
 E - 6 javelins
Armour
 j - a +0 plate armour (worn)
 z - a +0 pair of boots (worn)
Jewellery
 f - an amulet of the acrobat (around neck)
 x - a ring of protection from cold (left hand)
 B - a ring of fire
 C - a ring of ice
Wands
 n - a wand of digging (11)
 u - a wand of paralysis (8)
 D - a wand of mindburst (26)
Scrolls
 c - 8 scrolls of identify {unknown}
 e - 2 scrolls of noise {unknown}
 g - 2 scrolls of magic mapping {unknown}
 h - a scroll of torment {unknown}
 i - 2 scrolls of fog {unknown}
 k - a scroll of enchant armour {unknown}
 m - a scroll of immolation {unknown}
 p - 2 scrolls of enchant weapon {unknown}
 r - 2 scrolls of fear {unknown}
 s - 3 scrolls of poison {unknown}
 v - a scroll of butterflies {unknown}
 w - a scroll of silence {unknown}
Potions
 b - 2 potions of berserk rage {unknown}
 d - 2 potions of might {unknown}
 o - 2 potions of haste {unknown}
 q - a potion of invisibility {unknown}
 t - a potion of lignification {unknown}
 A - 2 potions of heal wounds {unknown}


   Skills:
 + Level 7.8 Fighting
 + Level 7.7 Axes
 + Level 7.2 Armour
 + Level 6.6 Dodging


You had 7 spell levels left.
You didn't know any spells.
Your spell library was empty.

Dungeon Overview and Level Annotations

Branches:
Dungeon (8/15)             Temple (0/1) D:7
   Lair: D:8-11

Altars:
Vehumet
Wu Jian
The Shining One

Shops:
D:3 [

Annotations:
D:7 Joseph


Innate Abilities, Weirdness & Mutations

You have a pair of horns on your head.
You reflexively headbutt those who attack you in melee.


Message History

* * * LOW HITPOINT WARNING * * *
Unknown command.
You hit Joseph. You headbutt Joseph!
Joseph is severely wounded.
The orc throws a boomerang of dispersal.
The boomerang of dispersal hits you but does no damage.
Joseph hits you but does no damage. The grasping roots constrict you.
* * * LOW HITPOINT WARNING * * *
The grasping roots release their grip on you.
You barely miss Joseph. Your headbutt misses Joseph.
Joseph is severely wounded.
You closely miss the orc wizard. The orc wizard barely misses you.
Unknown command.
You slash Joseph!
Joseph is almost dead.
You hit the orc. You slash the orc wizard!
You kill the orc wizard!
Trog accepts your kill.
Trog appreciates your killing of a magic user.
Joseph zaps a wand.
The roots erupt in riotous growth!
The grasping roots grab you!
Joseph is unaffected.
The orc is unaffected.
The grasping roots constrict you!
* * * LOW HITPOINT WARNING * * *
The orc hits you with a +0 flail!
* * * LOW HITPOINT WARNING * * *
You hear a croak.
Unknown command.
You closely miss Joseph.
Joseph is almost dead.
You hit the orc.
You kill the orc!
Trog accepts your kill. Joseph hits you but does no damage.
The grasping roots constrict you!
* * * LOW HITPOINT WARNING * * *
Unknown command.
Unknown command.
You closely miss Joseph.
Joseph is almost dead.
Joseph hits you with a +0 quarterstaff!
You die...

#......##....##........
#...#..##.....###.#.....
#.. #.....#..####.......
...###..................
............#####.......
#.....#.....####..#....
#..>..###.........#.##.
.#.....#.............##.
......@@).......##.#.##.
...###..)....#####.#.##.
#.....o..# # #. ##
#...#.......
..............
....###.......... ....#
#.......... ....
#.......... #..........


You could see Joseph and an orc.

Vanquished Creatures
  2 water moccasins
  A sky beast (D:7)
  2 ogres (D:5)
  A phantom (D:7)
  A bullfrog (D:7)
  2 scorpions
  6 killer bees (D:5)
  A howler monkey (D:4)
  7 orc priests
  A hound (D:3)
  A jelly (D:4)
  A sleepcap (D:6)
  2 iguanas
  6 orc wizards
  3 gnolls (D:4)
  11 adders
  2 shadow imps (D:6)
  6 ufetubi
  A worm (D:3)
  2 dart slugs
  32 orcs
  7 endoplasms
  A giant cockroach (D:2)
  7 goblins
  11 hobgoblins
  5 kobolds
  4 quokkas
  5 ball pythons
  2 bats (D:2)
  3 frilled lizards (D:1)
  7 rats
143 creatures vanquished.

Vanquished Creatures (others)
  24 plants (D:1)
24 creatures vanquished.

Grand Total: 167 creatures vanquished

Notes
Turn   | Place    | Note
-------+----------+-------------------------------------------
     0 | D:1      | LLlMATKO the Minotaur Berserker began the quest for the
                  | Orb.
     0 | D:1      | Reached XP level 1. HP: 19/19 MP: 0/0
    60 | D:1      | Reached XP level 2. HP: 26/27 MP: 1/1
   808 | D:2      | Reached XP level 3. HP: 33/33 MP: 2/2
  1131 | D:2      | Found an ornate altar of the Wu Jian Council.
  1195 | D:2      | Reached ** piety under Trog
  1633 | D:3      | Found Ozidanno's Armour Shoppe.
  1688 | D:3      | Reached XP level 4. HP: 36/41 MP: 3/3
  1916 | D:3      | Found a radiant altar of Vehumet.
  2189 | D:3      | Reached XP level 5. HP: 41/47 MP: 4/4
  2660 | D:4      | Reached skill level 5 in Fighting
  2660 | D:4      | Reached skill level 5 in Axes
  2917 | D:4      | Reached XP level 6. HP: 56/56 MP: 5/5
  3086 | D:4      | Found the +8 trishula "Condemnation" {holy, anguish, *Noise
                  | Fly rN+}
  3382 | D:5      | Entered Level 5 of the Dungeon
  3776 | D:5      | Noticed a water moccasin
  3791 | D:5      | Killed a water moccasin
  3792 | D:5      | Reached skill level 5 in Armour
  3792 | D:5      | Reached XP level 7. HP: 40/62 MP: 6/6
  4172 | D:5      | Reached skill level 5 in Dodging
  4412 | D:5      | Reached XP level 8. HP: 71/71 MP: 7/7
  4413 | D:5      | Reached *** piety under Trog
  4624 | D:5      | Found a glowing golden altar of the Shining One.
  4976 | D:6      | You fall into a shaft and drop 2 floors!
  5594 | D:7      | Noticed Joseph
  5603 | D:7      | Found a staircase to the Ecumenical Temple.
  5616 | D:7      | HP: 4/111 [constriction (7)]
  5617 | D:7      | Mangled by Joseph

Illustrated notes

Levels and vault maps discovered:
D:1:      roderic_crop_circles_arrival_small, layout_basic
D:2:      layout_basic, serial_co_window_serial, co_window_paths_b,
          co_window_cross_1, co_window_of_opportunity_a, co_window_corner_a,
          co_window_paths_b, co_window_broadway_b, co_window_of_opportunity_b,
          co_window_broadway_a, co_window_2corner, co_window_broadway_c,
          glass_columns_c, basic_altar, amcnicky_mini_pool_small
D:3:      layout_loops_corners, vehumet_crystals, serial_shops, shop
D:4:      layout_basic
D:5:      layout_gridville, nicolae_tso_swordbearing_angel
D:6:      layout_loops_ring, kennysheep_generic_room_3
D:7:      layout_rooms, mainiacjoe_overflow_catwalk_spiral,
          minmay_temple_entry_tees, st_stairs_6, chequers_serial_rivers_large_b,
          grunt_decor_cap, uniq_joseph
D:8:      layout_gridville, jmf_multi_god_temple, lair_entry_dummy

Skill      XL: |  1  2  3  4  5  6  7  8 |
---------------+-------------------------+-----
Axes           | 4 5 6 7 |  7.7
Fighting       | 4 5 6 7 |  7.8
Armour         | 3 4 5 6 7 |  7.2
Dodging        | 3 4 5 6 |  6.6

Action                     |  1- 3 |  4- 6 |  7- 9 || total
---------------------------+-------+-------+-------++-------
  Melee: Hand axe          |    94 |    99 |       ||   193
         Headbutt          |    13 |    15 |    23 ||    51
         War axe           |       |    25 |   127 ||   152
         Punch             |       |       |     1 ||     1
 Invoke: Berserk           |     2 |     3 |     6 ||    11
 Armour: Plate armour      |    23 |    72 |    97 ||   192
         Animal skin       |     2 |       |       ||     2
  Dodge: Dodged            |    40 |    53 |    74 ||   167
